 Dungeon Crawl Stone Soup version 0.18.1-47-g9310371 (webtiles) character file.

688 Peloso the Covered (level 7, -4/61 HPs)
             Began as a Minotaur Fighter on June 19, 2016.
             Slain by an ogre
             ... wielding a cursed +0 giant club
              (11 damage)
             ... on level 4 of the Dungeon.
             The game lasted 00:07:28 (2834 turns).

Peloso the Covered (Minotaur Fighter)               Turns: 2834, Time: 00:07:29

Health: -4/61      AC: 10    Str: 20    XL:     7   Next: 36%
Magic:  6/6        EV:  7    Int:  5    God:
Gold:   203        SH: 10    Dex: 12    Spells: 0 memorised, 6 levels left

rFire  . . .     SeeInvis .     a - +0 long sword
rCold  . . .     Gourm    .     l - +0 chain mail
rNeg   . . .     Faith    .     c - +0 shield
rPois  .         Spirit   .     (helmet restricted)
rElec  .         Dismiss  .     (no cloak)
rCorr  .         Reflect  .     (no gloves)
SustAt .         Harm     .     (no boots)
MR     .....                    (no amulet)
Stlth  ..........               (no ring)
                                (no ring)

@: not resistant to hostile enchantments, extremely unstealthy
A: retaliatory headbutt, horns 2
a: no special abilities


You were on level 4 of the Dungeon.
You were hungry.

You visited 1 branch of the dungeon, and saw 4 of its levels.

You collected 203 gold pieces.

Inventory:

Hand Weapons
 a - a +0 long sword (weapon)
Armour
 c - a +0 shield (worn)
 l - a +0 chain mail (worn)
Jewellery
 o - an uncursed ring of protection from magic {unknown}
Scrolls
 e - 2 scrolls of recharging
 h - 3 scrolls of immolation {unknown}
 i - 2 scrolls of fog {unknown}
 k - a scroll of random uselessness {unknown}
 p - 3 scrolls of enchant weapon {unknown}
 t - 6 scrolls of identify {unknown}
 w - a scroll of remove curse {unknown}
Potions
 d - a potion of might
 j - 3 potions of curing {unknown}
 m - a potion of cancellation {unknown}
 r - a potion of heal wounds {unknown}
 s - a potion of brilliance {unknown}
 v - 3 potions of agility {unknown}
 x - a potion of degeneration {unknown}
 z - a potion of mutation {unknown}
Comestibles
 b - a beef jerky
 f - 2 bread rations
 g - 4 meat rations
 n - 2 fruits
 q - a chunk of flesh
 u - a slice of pizza


   Skills:
 + Level 5.4 Fighting
 + Level 4.3 Long Blades
 + Level 6.3 Armour
 + Level 2.8 Dodging
 + Level 0.1 Stealth
 + Level 6.1 Shields


You had 6 spell levels left.
You didn't know any spells.

Dungeon Overview and Level Annotations

Branches:
Dungeon (4/15)
 Temple: D:4-7

Altars:
Pakellas
Yredelemnul


Innate Abilities, Weirdness & Mutations

You reflexively headbutt those who attack you in melee.
You have a pair of horns on your head.


Message History

Found 17 poisoned needles.
You slash the giant cockroach!
You kill the giant cockroach!
You feel a little less mighty now.
Your shield prevents you from hitting the ogre.
The ogre hits you with a giant club!!
You slash the ogre!
The ogre is moderately wounded.
The ogre closely misses you.
You slash the ogre! You headbutt the ogre!
The ogre is almost dead.
The ogre hits you with a giant club!
* * * LOW HITPOINT WARNING * * *
You barely miss the ogre.
The ogre is almost dead.
You block the ogre's attack.
Your shield and chain mail prevent you from hitting the ogre.
The ogre is almost dead.
The ogre hits you with a giant club!
You die...

....... .#
..............# .#
..............# .#
............:. #.###
###........... ..#.#
....... #...# ###....#
.......##...###......#
.......O.............#
..(....@.#.....[.....#
.......#.............#
....#####..>.........#
..............<......#
.
.......#...........##
......................
.........[............
###+###...<...........
#....#..........


You could see an ogre.

Vanquished Creatures
  The ghost of mif the Cleaver, a novice MiBe of Trog (D:4)
  A phantom (D:4)
  The ghost of Vincendra the Poker, a weakling MiBe of Trog (D:3)
  2 orc wizards (D:3)
  Ijyb (D:3)
  9 adders
  2 worms (D:3)
  6 dart slugs
  6 orcs (D:3)
  3 ball pythons
  7 bats
  7 giant cockroaches
  4 goblins
  10 hobgoblins
  2 jackals (D:3)
  3 kobolds
  7 giant newts
  6 rats
78 creatures vanquished.

Notes
Turn   | Place    | Note
--------------------------------------------------------------
     0 | D:1      | Peloso the Minotaur Fighter began the quest for the Orb.
     0 | D:1      | Reached XP level 1. HP: 19/19 MP: 0/0
   225 | D:1      | Reached XP level 2. HP: 27/27 MP: 1/1
   934 | D:2      | Reached XP level 3. HP: 22/33 MP: 2/2
  1171 | D:2      | Reached skill level 1 in Dodging
  1199 | D:2      | Found an oddly glowing altar of Pakellas.
  1274 | D:2      | Reached XP level 4. HP: 40/40 MP: 3/3
  1638 | D:3      | Noticed Vincendra's ghost (weakling MiBe)
  1656 | D:3      | Killed Vincendra's ghost
  1656 | D:3      | Reached XP level 5. HP: 31/46 MP: 4/4
  1881 | D:3      | Found a basalt altar of Yredelemnul.
  1891 | D:3      | Noticed Ijyb
  1900 | D:3      | Killed Ijyb
  1916 | D:3      | Reached skill level 5 in Armour
  2038 | D:3      | Reached XP level 6. HP: 14/53 MP: 5/5
  2774 | D:4      | Noticed mif's ghost (novice MiBe)
  2785 | D:4      | Killed mif's ghost
  2785 | D:4      | Reached skill level 5 in Fighting
  2785 | D:4      | Reached skill level 5 in Shields
  2785 | D:4      | Reached XP level 7. HP: 37/61 MP: 6/6
  2834 | D:4      | Slain by an ogre

Skill      XL: |  1  2  3  4  5  6  7 |
---------------+----------------------+-----
Shields        | 4 5 6 |  6.1
Armour         | 4 5 6 |  6.3
Fighting       | 4 5 |  5.4
Dodging        | 1 2 |  2.8
Long Blades    | 3 4 |  4.3
Stealth        | |  0.1

Action                   |  1- 3 |  4- 6 |  7- 9 || total
-------------------------+-------+-------+-------++-------
Melee: Long sword        |    80 |   145 |    13 ||   238
       Headbutt          |     9 |    23 |     2 ||    34
  Use: Scroll            |     1 |       |       ||     1
       Potion            |       |     1 |       ||     1
  Eat: Chunk             |     1 |     5 |       ||     6
Armor: Scale mail        |    15 |       |       ||    15
       Chain mail        |    40 |    69 |     2 ||   111
Dodge: Dodged            |    28 |    37 |     2 ||    67
Block: Shield            |    48 |    81 |     4 ||   133
